Map: Seeds of Aiur

Players

BizMac

  • Race: Protoss Protoss
  • Spawn Location: 7:00

ILIEKEGGPIE

  • Race: Terran Terran
  • League: Platinum
  • Spawn Location: 7:00

Flow

  • Race: Zerg Zerg
  • League: Diamond
  • Spawn Location: 1:00

FunK

  • Race: Zerg Zerg
  • League: Grandmaster
  • Spawn Location: 1:00

VOD

Have the link to the VOD?

Description

Time

  • Played on: June 7, 2018, 5:09 p.m.
  • Length: 11:55
Show
View Real Time Build Order
Export as new Build Order

BizMac Protoss 

Build Orders:  

Get SALT Encoding   

  12  0:02  Probe  
  13  0:14  Probe  
  14  0:23  Pylon  
  14  0:27  Probe  
  15  0:32  Assimilator  
  15  0:41  Probe  
  16  0:46  Gateway  
  16  0:49  Probe  
  17  0:57  Probe  
  17  1:02  Assimilator  
  18  1:10  Probe  
  19  1:22  Probe  
  20  1:34  Probe  
  20  1:36  Pylon  
  21  1:41  Cybernetics Core  
  21  1:46  Probe  
  22  2:00  Warp Gate  
  22  2:04  Nexus  
  22  2:16  Gateway  
  22  2:29  Gateway  
  22  2:42  Stalker  
  24  2:54  Probe  
  25  2:59  Pylon  
  25  3:01  Forge  
  25  3:09  Stalker  
  27  3:23  Gateway  
  27  3:26  Probe  
  27  3:28  Probe  
  29  3:34  Probe  
  30  3:51  Probe  
  30  3:55  Protoss Ground Weapons Level 1  
  31  4:01  Robotics Facility  
  31  4:03  Probe  
  31  4:07  Probe  
  33  4:17  Stalker  
  33  4:19  Probe  
  33  4:21  Twilight Council  
  36  4:29  Probe  
  37  4:34  Pylon  
  37  4:37  Probe  
  37  4:42  Assimilator  
  38  4:46  Assimilator, Probe  
  38  4:49  Stalker x2  
  38  4:52  Charge  
  43  4:53  Pylon  
  43  5:04  Zealot  
  43  5:05  Zealot  
  47  5:25  Zealot x2  
  39  5:44  Zealot  
  39  5:45  Zealot x3  
  39  5:49  Immortal  
  45  6:09  Zealot x2  
  45  6:10  Zealot x2  
  45  6:34  Stalker x4  
  45  6:59  Zealot  
  45  7:00  Zealot x2  
  48  7:21  Zealot x4  
  39  7:44  Immortal  
  39  7:47  Zealot x4  
  39  7:50  Probe  
  47  7:53  Probe  
  53  7:58  Probe  
  53  8:01  Probe  
  55  8:08  Probe  
  55  8:09  Stalker  
  55  8:10  Stalker x3  
  55  8:11  Probe  
  65  8:27  Probe  
  66  8:36  Immortal  
  70  8:45  Pylon x2  
  70  8:47  Pylon  
  70  9:03  Probe  
  70  9:06  Blink  
  70  9:08  Immortal  
  70  9:09  Zealot x3  
  77  9:15  Probe  
  78  9:20  Stalker  
  84  9:44  Stalker x3  
  84  9:45  Stalker  
  92  9:50  Pylon  
  77  10:26  Stalker x4  
  84  10:31  Probe  
  85  10:39  Probe  
  76  11:19  Stalker x4  
Show
View Real Time Build Order
Export as new Build Order

ILIEKEGGPIE Terran 

Build Orders: Reaper Expand 

Get SALT Encoding   

  12  0:01  SCV  
  13  0:13  SCV  
  14  0:19  Supply Depot  
  14  0:25  SCV  
  15  0:41  SCV  
  16  0:44  Barracks  
  16  0:53  Barracks  
  16  0:55  SCV  
  17  1:05  Refinery  
  17  1:07  SCV  
  18  1:19  SCV  
  19  1:34  Supply Depot  
  19  1:38  Orbital Command  
  19  1:51  Reaper  
  20  2:02  Command Center  
  20  2:09  Reaper  
  21  2:16  SCV  
  22  2:27  Barracks  
  22  2:28  SCV  
  23  2:40  Marine  
  24  2:56  SCV  
  25  3:09  Marine x2  
  27  3:13  Refinery  
  27  3:16  Factory  
  27  3:21  Orbital Command  
  27  3:22  SCV  
  27  3:23  Barracks Tech Lab  
  27  3:26  Marine  
  28  3:27  Marine  
  30  3:50  Marine  
  30  3:51  Marine  
  32  4:10  Marine x3  
  32  4:13  Factory Tech Lab  
  32  4:16  Starport  
  35  4:43  Marine x3  
  37  4:55  SCV x2  
  37  4:58  Starport Tech Lab  
  39  5:00  Combat Shields  
  39  5:07  SCV x2  
  41  5:18  Marine x2  
  41  5:19  SCV  
  37  5:35  Liberator  
  35  5:41  Marine x3  
  3  7:27  Widow Mine  
  5  7:37  Orbital Command  
  5  7:57  Factory Tech Lab  
  5  8:02  Barracks Tech Lab  
  5  8:06  Barracks Reactor  
  5  8:21  SCV  
  5  8:22  Starport Reactor  
  6  8:33  SCV  
  7  8:45  SCV  
  8  8:57  SCV  
  9  9:05  Viking x2  
  9  9:08  Siege Tank  
  16  9:16  SCV  
  17  9:28  SCV  
  18  9:31  Command Center  
  18  9:40  SCV  
  20  9:52  SCV  
  20  10:05  SCV  
  21  10:15  Marine x2  
  23  10:27  Supply Depot  
  23  10:36  Barracks  
  23  10:37  Barracks x2  
  23  10:43  Marine, SCV  
  21  10:51  Supply Depot  
  21  10:55  SCV  
  22  11:03  Marine x2  
  22  11:04  Marine  
  21  11:07  SCV  
  22  11:19  SCV  
  23  11:31  SCV  
Show
View Real Time Build Order
Export as new Build Order

Flow Zerg 

Build Orders: Pool First, Muta Ling Bane 

Get SALT Encoding   

  12  0:01  Drone  
  13  0:14  Overlord  
  13  0:20  Drone  
  14  0:34  Drone x2  
  16  0:40  Drone  
  17  0:48  Spawning Pool, Extractor  
  15  0:52  Drone  
  16  1:00  Drone  
  17  1:12  Drone  
  18  1:29  Hatchery  
  17  1:36  Queen  
  19  1:43  Zergling x2  
  19  1:45  Drone  
  21  1:49  Overlord  
  21  1:57  Metabolic Boost  
  21  2:06  Drone  
  21  2:07  Drone  
  23  2:18  Drone  
  24  2:23  Extractor  
  24  2:27  Drone  
  24  2:41  Drone  
  25  2:47  Queen  
  25  2:48  Zergling x4  
  28  2:58  Drone x4  
  31  3:03  Overlord  
  32  3:07  Lair  
  32  3:14  Drone x2  
  32  3:19  Overlord  
  34  3:27  Drone x3  
  36  3:32  Zergling x2  
  38  3:59  Baneling Nest  
  38  4:01  Queen  
  40  4:02  Drone  
  40  4:03  Hatchery, Drone x3  
  42  4:12  Overlord, Drone  
  42  4:13  Drone  
  44  4:46  Zergling x2  
  44  4:47  Zergling x20  
  55  4:55  Baneling x2  
  55  4:56  Baneling x3  
  55  5:02  Overlord  
  55  5:03  Zergling x2  
  56  5:08  Zergling x6  
  56  5:10  Overlord x2  
  57  5:22  Zergling x4  
  57  5:23  Zergling x4  
  58  5:58  Zergling x10  
  58  5:59  Zergling x16  
  58  6:00  Zergling x4  
  58  6:30  Zergling x2  
  58  6:31  Zergling x12  
  64  6:54  Zergling x2  
  64  6:55  Zergling x14  
  72  7:08  Centrifical Hooks  
  72  7:09  Spire  
  48  7:53  Extractor  
  48  7:54  Extractor  
  48  7:55  Overlord, Drone x4  
  49  8:14  Hatchery  
  48  8:21  Overlord x2  
  48  8:22  Overlord  
  46  8:55  Mutalisk  
  46  8:56  Mutalisk x14  
  46  9:02  Mutalisk  
  78  9:10  Mutalisk  
  80  9:22  Zergling x2  
  80  9:23  Zergling x24  
  93  9:30  Queen  
  95  9:32  Drone x3  
  95  9:33  Drone x8  
  95  9:34  Drone  
  107  9:48  Baneling x13  
  107  9:49  Baneling x4  
  105  10:23  Overlord x4  
  105  10:37  Overlord  
  105  10:38  Overlord x2  
Show
View Real Time Build Order
Export as new Build Order

FunK Zerg 

Build Orders: Pool First, Zergling Baneling 

Get SALT Encoding   

  12  0:01  Drone  
  13  0:12  Overlord  
  13  0:22  Drone  
  14  0:33  Drone x2  
  17  0:35  Drone  
  17  0:42  Extractor  
  16  0:51  Spawning Pool  
  16  0:52  Drone  
  16  0:59  Drone  
  17  1:06  Drone  
  18  1:18  Drone  
  19  1:29  Hatchery  
  19  1:31  Drone  
  19  1:44  Drone  
  19  1:45  Queen  
  22  1:51  Overlord  
  22  2:01  Metabolic Boost  
  22  2:13  Zergling x2  
  22  2:14  Zergling x2  
  24  2:24  Baneling Nest  
  24  2:28  Drone  
  24  2:35  Zergling x2  
  25  2:42  Queen  
  25  2:43  Zergling x4  
  29  2:54  Zergling x4  
  31  2:59  Zergling x2  
  31  3:00  Zergling x2  
  33  3:06  Zergling x2  
  33  3:07  Zergling x2  
  35  3:15  Zergling x2  
  35  3:17  Overlord  
  36  3:29  Overlord x2  
  36  3:39  Zergling x8  
  37  3:49  Zergling x4  
  37  3:50  Zergling x6  
  42  4:01  Zergling x2  
  42  4:02  Zergling x2  
  44  4:16  Zergling x6  
  47  4:21  Overlord  
  47  4:24  Zergling x8  
  47  4:25  Zergling x4  
  47  4:29  Zergling x2  
  54  4:36  Baneling x2  
  54  4:37  Baneling x4  
  54  4:38  Baneling  
  54  4:47  Baneling x3  
  54  5:00  Zergling x2  
  54  5:01  Zergling x10  
  56  5:26  Zergling x2  
  56  5:27  Zergling x10  
  50  5:40  Zergling x4  
  48  5:48  Zergling x4  
  48  6:03  Zergling x2  
  48  6:04  Zergling x6  
  51  6:14  Hatchery  
  51  6:17  Zergling x8  
  50  6:28  Zergling x6  
  51  6:43  Zergling x4  
  51  6:44  Zergling x6  
  53  6:49  Zergling x2  
  49  7:01  Drone x2  
  47  7:24  Drone  
  47  7:25  Drone x3  
  45  7:55  Queen  
  45  7:56  Drone x3  
  45  7:57  Drone x7  
  57  8:17  Lair  
  57  8:26  Drone, Extractor x2  
  59  8:27  Drone x11  
  59  8:29  Extractor  
  59  8:30  Extractor  
  59  8:31  Overlord  
  64  8:37  Extractor  
  63  8:43  Drone  
  63  8:44  Drone  
  63  8:45  Drone x2  
  67  9:06  Overlord, Drone  
  67  9:07  Overlord  
  67  9:08  Overlord, Drone  
  67  9:09  Drone x7  
  76  9:23  Spire  
  75  9:25  Drone  
  75  9:26  Drone x4  
  79  9:48  Overlord x3  
  79  9:49  Overlord  
  79  9:50  Hatchery  
  75  10:21  Zergling x2  
  75  10:22  Zergling x2  
  77  10:35  Mutalisk x12  
  79  10:36  Mutalisk x3  
  79  10:37  Mutalisk  
  79  10:39  Mutalisk  
  79  10:42  Overseer  
  111  10:52  Mutalisk  
  111  10:53  Mutalisk x3  
  119  10:57  Overlord  
  119  10:59  Mutalisk  
  119  11:02  Zergling x6  
  119  11:03  Overlord  
  124  11:09  Queen  
  126  11:20  Mutalisk x3  
  132  11:26  Drone  
  132  11:27  Drone x8  
  132  11:29  Drone  
  142  11:34  Drone x3  
  142  11:35  Drone  
Tags
 
Add a new tag
Caveats
  • Supply blocks, unpowered buildings, or Contaminate may cause inaccurate times.
  • Supply counts are checked every 10 seconds.